 Dungeon Crawl Stone Soup version 0.29.1-13-g9f3cf754e1 (webtiles) character file.

Game seed: 8030646761336153831

12273 sankara the Reanimator (level 11, -2/80 HPs)
             Began as a Hill Orc Necromancer on Feb 10, 2023.
             Was an Initiate of Gozag.
             Slain by Erica
             ... wielding a +1 scimitar of flaming
              (9 damage)
             ... on level 9 of the Dungeon.
             The game lasted 01:00:26 (14187 turns).

sankara the Reanimator (Hill Orc Necromancer)      Turns: 14187, Time: 01:00:27

Health: -2/80      AC: 12    Str: 12    XL:     11   Next: 90%
Magic:  2/7        EV: 11    Int: 25    God:    Gozag
Gold:   1305       SH:  3    Dex: 11    Spells: 12/23 levels left

rFire   + . .      SeeInvis .   D - +2 whip (antimagic)
rCold   + . .      Faith    .   W - +0 buckler
rNeg    + + .      Spirit   .   S - +1 swamp dragon scales
rPois   +          Reflect  .   l - +0 helmet
rElec   +          Harm     .   F - +0 cloak
rCorr   .          Rampage  .   z - +2 pair of gloves of Syndicalism {*Corrode rElec rC+ rN++}
Will    .....                   C - +0 pair of boots
Stlth   ++........              (no amulet)
HPRegen 0.23/turn               v - ring of protection from fire
MPRegen 0.10/turn               G - +6 ring of intelligence

@: corroded, slowed, very slow
A: no striking features
a: Renounce Religion, Potion Petition, Call Merchant, Bribe Branch


You were on level 9 of the Dungeon.
You worshipped Gozag.
Gozag was most pleased with you.
You visited 2 branches of the dungeon, and saw 10 of its levels.
You also visited: Bailey.

You collected 1521 gold pieces.
You spent 176 gold pieces at shops.
You paid 40 gold pieces to Gozag.

Inventory:

Hand Weapons
 b - a +3 sling of freezing
 c - a +2 dagger of electrocution
 m - a +0 broad axe
 n - the +1 hand axe of Greatest Utility {vorpal, rPois MP+9 Int+4 Dex+2}
   (You found it on level 8 of the Dungeon)

   It inflicts extra damage upon your enemies.
   Int:       It affects your intelligence (+4).
   Dex:       It affects your dexterity (+2).
   rPois:     It protects you from poison.
   MP:        It affects your magic capacity (+9).
 p - a +0 broad axe
 D - a +2 antimagic whip (weapon)
Missiles
 a - 6 curare-tipped darts
 x - 3 datura-tipped darts
 B - 13 poisoned darts (quivered)
 M - 6 boomerangs
 R - 2 throwing nets
Armour
 h - a +0 kite shield
 l - a +0 helmet (worn)
 z - the +2 pair of gloves of Syndicalism (worn) {*Corrode rElec rC+ rN++}
   (You acquired it on level 8 of the Dungeon)

   rC:        It protects you from cold.
   rElec:     It insulates you from electricity.
   rN:        It greatly protects you from negative energy.
   *Corrode:  It may corrode you when you take damage.
 C - a +0 pair of boots (worn)
 F - a +0 cloak (worn)
 S - +1 swamp dragon scales (worn)
 T - a +0 leather armour of fire resistance
 V - a +1 robe of cold resistance
 W - a +0 buckler (worn)
Jewellery
 v - a ring of protection from fire (left hand)
 G - a +6 ring of intelligence (right hand)
 H - a ring of fire
 J - a +6 ring of strength
Wands
 q - a wand of mindburst (8)
 u - a wand of flame (36)
 I - a wand of quicksilver (8)
 L - a wand of charming (11)
Scrolls
 d - 2 scrolls of enchant weapon
 e - 8 scrolls of teleportation
 g - 4 scrolls of enchant armour
 k - a scroll of amnesia
 r - a scroll of blinking
 w - 4 scrolls of vulnerability {unknown}
 y - a scroll of brand weapon {unknown}
 K - 2 scrolls of fog {unknown}
 N - a scroll of immolation {unknown}
 Q - 2 scrolls of fear
 Y - a scroll of summoning {unknown}
Potions
 f - 2 potions of mutation
 i - 3 potions of lignification
 j - 5 potions of curing
 o - 4 potions of haste
 s - 4 potions of magic
 t - 4 potions of might
 A - 4 potions of heal wounds
 E - 2 potions of flight
 P - a potion of resistance
 U - a potion of cancellation
 X - a potion of ambrosia
 Z - a potion of brilliance


   Skills:
 + Level 2.5 Fighting
 - Level 4.0 Short Blades
 + Level 9.4 Maces & Flails
 + Level 5.9 Armour
 - Level 6.0 Dodging
 - Level 5.0 Stealth
 + Level 0.7 Shields
 + Level 6.7 Spellcasting
 + Level 9.8 Necromancy
 - Level 5.0 Evocations


You had 12 spell levels left.
You knew the following spells:

 Your Spells              Type           Power      Damage    Failure   Level
a - Necrotise             Necr           100%       1d9       1%          1
b - Vampiric Draining     Necr           55%        2d9       1%          3
d - Agony                 Necr           55%        N/A       9%          5
s - Sublimation of Blood  Necr           55%        N/A       1%          2

Your spell library contained the following spells:

 Spells                   Type           Power      Damage    Failure   Level
 Summon Small Mammal      Summ           32%        N/A       19%         1
 Call Canine Familiar     Summ           8%         N/A       50%         3
 Conjure Flame            Conj/Fire      8%         6-21      50%         3
 Ignite Poison            Fire/Tmut/Pois 8%         N/A       50%         3
 Summon Guardian Golem    Hex/Summ       8%         N/A       50%         3
 Petrify                  Tmut/Erth      8%         N/A       88%         4
 Sticky Flame             Conj/Fire      8%         2d3       88%         4
 Irradiate                Conj/Tmut      4%         3d13      99%         5
 Animate Dead             Necr           Unusable   N/A       N/A         4

Dungeon Overview and Level Annotations

Branches:
Dungeon (9/15)             Temple (1/1) D:6          Bailey (visited)
   Lair: D:8-11         Orc: D:9-12

Altars:
Ashenzari
Dithmenos
Elyvilon
Fedhas
Gozag
Hepliaklqana
Kikubaaqudgha
Makhleb
Nemelex Xobeh
Okawaru
Qazlal
Ru
Sif Muna
Trog
Uskayaw
Vehumet
Wu Jian
Xom
Yredelemnul
The Shining One

Shops:
D:6 *

Annotations:
D:9 Erica


Message History

You hear some strange, mumbled words.
You are more confused.
Unknown command.
You miss something. Something hits you.
* * * LOW HITPOINT WARNING * * *
Something burns you.
* * * LOW HITPOINT WARNING * * *
Unknown command.
You feel better.
You hear some strange, mumbled words.
Something tries to affect you, but you resist.
You closely miss something.
You hear some strange, mumbled words.
Something tries to affect you, but you resist.
You hit something but do no damage.
You hear some strange, mumbled words.
You are confused.
You feel better.
You hear some strange, mumbled words.
You are confused.
You hear some strange, mumbled words.
Something tries to affect you, but you resist.
You closely miss something. Something hits you!
* * * LOW HITPOINT WARNING * * *
Something burns you.
* * * LOW HITPOINT WARNING * * *
You bump into the rock wall.
Something hits you!
* * * LOW HITPOINT WARNING * * *
Something burns you.
* * * LOW HITPOINT WARNING * * *
You feel better.
You are no longer corroded.
Something hits you!
* * * LOW HITPOINT WARNING * * *
Your corrosive artefact corrodes you!
Something burns you.
* * * LOW HITPOINT WARNING * * *
Something hits you but does no damage.
You miss something. Something hits you!
You die...
Your body crumbles into a pile of gold.

###### #####..##.##
##.#....#...##
#.......#....#
#......##....#
##..#..###....##
#....{.........###
###...@##..........####
##.#....##.[..###.....##
#..#..#..##...##..#.####
#.....#..##.........####
#.........#..........##.
###......##.............
###......................
#....#...................
#..####...........<......


There were no monsters in sight!

Vanquished Creatures
  An orc high priest (Bailey)
  An orc sorcerer (Bailey)
  Joseph (D:7)
  Maggie (D:7)
  Prince Ribbit (D:7)
  4 yaks
  A steam dragon (D:9)
  An acid dragon (D:9)
  A water moccasin (D:7)
  Duvessa (D:7)
  10 orc warriors
  An ice beast (D:5)
  3 sky beasts
  A black bear (D:6)
  2 ogres
  2 centaurs
  A phantom (D:7)
  2 bullfrogs
  2 kobold brigands (D:8)
  2 gnoll sergeants
  3 scorpions
  Dowan (D:7)
  4 howler monkeys
  5 electric eels (Bailey)
  2 jellies
  4 orc priests
  3 hounds
  4 iguanas
  3 orc wizards
  12 gnolls
  6 adders
  2 shadow imps
  An ufetubus (D:5)
  2 dart slugs
  24 orcs
  6 ball pythons
  7 endoplasms
  3 giant cockroaches
  8 goblins
  9 hobgoblins
  8 quokkas
  6 bats
  2 frilled lizards
  16 kobolds
  5 rats
185 creatures vanquished.

Vanquished Creatures (collateral kills)
  2 orc warriors (Bailey)
  2 gnolls
  4 goblins (Bailey)
  A hobgoblin (Bailey)
9 creatures vanquished.

Vanquished Creatures (others)
  2 orc warriors (Bailey)
  An orc (Bailey)
  2 plants
5 creatures vanquished.

Grand Total: 199 creatures vanquished

Notes
Turn   | Place    | Note
-------+----------+-------------------------------------------
     0 | D:1      | sankara the Hill Orc Necromancer began the quest for the
                  | Orb.
     0 | D:1      | Reached XP level 1. HP: 14/14 MP: 3/3
   200 | D:1      | Reached XP level 2. HP: 20/20 MP: 2/4
   640 | D:1      | Found a faded altar of an unknown god.
  1029 | D:2      | Reached XP level 3. HP: 26/26 MP: 1/5
  1033 | D:2      | Learned a level 3 spell: Vampiric Draining
  1412 | D:2      | Reached XP level 4. HP: 33/33 MP: 0/7
  2098 | D:3      | Reached XP level 5. HP: 39/39 MP: 6/8
  2120 | D:3      | Found a blossoming altar of Fedhas.
  2225 | D:3      | Reached skill level 1 in Fighting
  2225 | D:3      | Reached skill level 5 in Necromancy
  2231 | D:3      | Learned a level 4 spell: Animate Dead
  2342 | D:3      | Found an ornate altar of the Wu Jian Council.
  2405 | D:3      | Found an opulent altar of Gozag.
  2405 | D:3      | Found a sparkling altar of Nemelex Xobeh.
  2418 | D:3      | Became a worshipper of Gozag Ym Sagoz the Greedy
  3016 | D:3      | Reached skill level 1 in Evocations
  3016 | D:3      | Reached XP level 6. HP: 32/47 MP: 0/9
  3036 | D:3      | HP: 2/47 [hound (1)]
  3354 | D:4      | Reached skill level 5 in Dodging
  3354 | D:4      | Reached skill level 5 in Spellcasting
  3354 | D:4      | Reached XP level 7. HP: 52/52 MP: 9/15
  3361 | D:4      | Learned a level 5 spell: Agony
  3619 | D:4      | Found a radiant altar of Vehumet.
  3639 | D:4      | Reached skill level 5 in Stealth
  3726 | D:4      | Found a bloodstained altar of Trog.
  3827 | D:4      | Found a glowing golden altar of the Shining One.
  4277 | D:5      | Entered Level 5 of the Dungeon
  4951 | D:6      | Identified the +5 rapier "Vulas Efar" {vorpal, Fragile
                  | rElec Dex+4 SInv}
  5155 | D:6      | Reached XP level 8. HP: 57/59 MP: 11/16
  5260 | D:6      | Found a white marble altar of Elyvilon.
  5271 | D:6      | Found Liydaif's General Store.
  5385 | D:6      | Found a staircase to the Ecumenical Temple.
  6277 | D:6      | Reached skill level 5 in Evocations
  6417 | D:6      | Bought a potion of resistance for 110 gold pieces
  6417 | D:6      | Bought a scroll of fear for 44 gold pieces
  6417 | D:6      | Bought a scroll of identify for 22 gold pieces
  6600 | D:7      | Noticed Prince Ribbit
  6614 | D:7      | Killed Prince Ribbit
  6615 | D:7      | Reached skill level 1 in Short Blades
  7057 | D:7      | Reached XP level 9. HP: 31/64 MP: 5/17
  7497 | D:7      | Noticed Joseph
  7851 | D:7      | Noticed Maggie
  7862 | D:7      | Killed Maggie
  8199 | D:7      | Reached skill level 1 in Armour
  8312 | D:7      | Noticed Duvessa
  8313 | D:7      | Noticed Dowan
  8320 | D:7      | Killed Duvessa
  8324 | D:7      | Killed Dowan
  8737 | Temple   | Entered the Ecumenical Temple
  8904 | D:7      | Killed Joseph
  9020 | D:8      | Found a shadowy altar of Dithmenos.
  9111 | D:7      | Reached XP level 10. HP: 34/71 MP: 0/19
  9391 | D:8      | Found a flagged portal.
  9398 | D:8      | Identified the +1 hand axe of Greatest Utility {vorpal,
                  | rPois MP+9 Int+4 Dex+2}
  9490 | Bailey   | Entered a bailey
 10512 | Bailey   | Reached skill level 5 in Armour
 10770 | Bailey   | Found an iron altar of Okawaru.
 10770 | Bailey   | Noticed an orc high priest
 10770 | Bailey   | Noticed an orc sorcerer
 10780 | Bailey   | Noticed a sixfirhy
 10780 | Bailey   | Killed an orc high priest
 10787 | Bailey   | Killed an orc sorcerer
 11357 | D:8      | Reached XP level 11. HP: 77/77 MP: 21/21
 12009 | D:8      | Found a broken altar of Ashenzari.
 12009 | D:8      | Found an iron altar of Okawaru.
 12031 | D:8      | Acquired a book of Alchemy
 12036 | D:8      | Learned a level 2 spell: Sublimation of Blood
 12036 | D:8      | Acquired the +2 pair of gloves of Syndicalism {*Corrode
                  | rElec rC+ rN++}
 12360 | D:9      | Noticed Erica
 13493 | D:9      | Found a sacrificial altar of Ru.
 14187 | D:9      | Slain by Erica

Illustrated notes

Levels and vault maps discovered:
D:1:      minmay_arrival_solitary_statue, layout_loops_ring,
          ebering_ecumenical_altar_hall, minmay_shallow_snake_nest
D:2:      layout_basic, small_statue_intersection
D:3:      layout_loops_ring, grunt_temple_overflow_opulence, fedhas_altar_1,
          nicolae_wu_jian_wuxing_cycle, minmay_misc_feat_hallway
D:4:      layout_cave_pools, mainiacjoe_overflow_alcove_4,
          mainiacjoe_overflow_surrounded_room, nicolae_tso_carved_into_rock,
          serial_rivers, chequers_serial_rivers_micro_e,
          chequers_serial_rivers_micro_e, chequers_serial_rivers_room_b,
          chequers_serial_rivers_small_b, chequers_serial_rivers_large_a,
          serial_bayou_lagoon_b
D:5:      layout_rooms
D:6:      layout_basic, kennysheep_mini, minmay_temple_entry_ruins,
          serial_shops, nicolae_inconvenience_store
D:7:      layout_basic, dk_rats_in_the_wall, uniq_joseph, uniq_prince_ribbit1,
          uniq_maggie, uniq_duvessa
D:8:      layout_basic, mainiacjoe_overflow_boulevard,
          nicolae_overflow_two_pavilions, enter_bailey_2
D:9:      layout_cave_pools, nicolae_ru_great_annihilating_truth, uniq_erica
Temple:   nicolae_temple_superstar

Skill      XL: |  1  2  3  4  5  6  7  8  9 10 11 |
---------------+----------------------------------+-----
Stealth        | 2 4 5 |  5.0
Dodging        | 2 5 6 |  6.0
Spellcasting   | 2 5 6 |  6.7
Fighting       | 1 2 |  2.5
Necromancy     | 5 8 9 |  9.8
Evocations     | 1 4 5 |  5.0
Short Blades   | 2 4 |  4.0
Armour         | 3 5 |  5.9
Maces & Flails | 9 |  9.4
Shields        | |  0.7

Action                   |  1- 3 |  4- 6 |  7- 9 | 10-12 || total
-------------------------+-------+-------+-------+-------++-------
Melee: Dagger            |       |    26 |    23 |       ||    49
       Rapier            |       |       |    41 |    80 ||   121
       Punch             |       |       |     1 |     1 ||     2
       Whip              |       |       |       |   225 ||   225
Throw: Dart              |       |       |    12 |     3 ||    15
 Cast: Necrotise         |    59 |    46 |   189 |    65 ||   359
       Vampiric Draining |       |     1 |    16 |    40 ||    57
       Agony             |       |       |     7 |     5 ||    12
Evoke: Wand              |       |       |    12 |    10 ||    22
  Use: Scroll            |       |     7 |     5 |    12 ||    24
       Potion            |       |     1 |       |     5 ||     6
 Stab: Distracted        |       |       |       |     3 ||     3
       Paralysed         |       |       |       |     1 ||     1
       Sleeping          |       |       |       |     1 ||     1
Armor: Robe              |     7 |     9 |    23 |       ||    39
       Swamp dragon scal |       |       |    17 |   148 ||   165
Dodge: Dodged            |    28 |    42 |   128 |   184 ||   382
Block: Buckler           |       |       |       |    34 ||    34
